 Dungeon Crawl Stone Soup version 0.18-a0-1197-g8004e50 (webtiles) character file.

83 krabocopter the Shield-Bearer (level 4, 0/35 HPs)
             Began as a Formicid Fighter on Jan 30, 2016.
             Killed by nerve-wracking pain
             ... invoked by a shadow imp
             ... summoned by Natasha
              (14 damage)
             ... on level 3 of the Dungeon.
             The game lasted 00:05:48 (1682 turns).

krabocopter the Shield-Bearer (Formicid Fighter)    Turns: 1682, Time: 00:05:50

Health: 0/35       AC:  6    Str: 26    XL:     4   Next: 71%
Magic:  4/4        EV:  8    Int:  7    God:
Gold:   156        SH: 10    Dex: 11    Spells: 0 memorised, 3 levels left

rFire  . . .     SeeInvis +     a - +0 long sword
rCold  . . .     Gourm    .     b - +0 scale mail
rNeg   . . .     Faith    .     c - +0 shield
rPois  .         Spirit   .     (helmet unavailable)
rElec  .         Dismiss  .     (no cloak)
rCorr  .         Reflect  .     (no gloves)
SustAt .         Harm     .     (no boots)
MR     .....                    (no amulet)
Stlth  ..........               (no ring)
                                (no ring)

@: mighty, not resistant to hostile enchantments, extremely unstealthy
A: permanent stasis, dig shafts and tunnels, four strong arms, antennae 3
a: Dig, Shaft Self


You were on level 3 of the Dungeon.
You were not hungry.

You visited 1 branch of the dungeon, and saw 3 of its levels.

You collected 156 gold pieces.

Inventory:

Hand Weapons
 a - a +0 long sword (weapon)
Armour
 b - a +0 scale mail (worn)
 c - a +0 shield (worn)
Scrolls
 g - 3 scrolls of identify {unknown}
 j - a scroll of enchant armour {unknown}
 l - a scroll of remove curse {unknown}
 p - a scroll of teleportation {unknown}
 q - a scroll of amnesia {unknown}
 r - a scroll of fog {unknown}
Potions
 e - a potion of brilliance {unknown}
 h - a potion of magic {unknown}
 k - a potion of lignification {unknown}
 n - a potion of beneficial mutation {unknown}
 o - a potion of haste {unknown}
 s - a potion of heal wounds {unknown}
Comestibles
 f - a bread ration
 i - 2 meat rations
 m - a royal jelly


   Skills:
 - Level 3.2 Fighting
 + Level 4.0 Long Blades
 - Level 3.2 Armour
 - Level 4.4 Shields


You had 3 spell levels left.
You didn't know any spells.

Dungeon Overview and Level Annotations

Branches:
Dungeon (3/15)

Altars:
Vehumet

Annotations:
D:3 Natasha


Innate Abilities, Weirdness & Mutations

You are under a permanent stasis effect.
You can dig through walls and to a lower floor.
Your four strong arms can wield two-handed weapons with a shield.
You have a pair of large antennae on your head (SInv).


Message History

Drink which item? (? for menu, Esc to quit)
You feel very mighty all of a sudden. Natasha claws you but does no damage.
You miss Natasha.
Natasha is moderately wounded.
Natasha closely misses you. The shadow imp hits you.
You block Natasha's attack.
The shadow imp hits you but does no damage.
You completely miss Natasha.
Natasha is moderately wounded.
Natasha wildly gestures.
Natasha shimmers violently.
Natasha claws you. You block the shadow imp's attack.
You closely miss Natasha.
Natasha is moderately wounded.
Natasha claws you.
The shadow imp lashes its tail.
The shadow imp gestures at you. Pain shoots through your body!
You die...

....... ....... .......
....... ....... ######+##
....... ######........
......h##...##.......#
......5@....##......#
............##......#
..##+#....#.........#
#.#..............#
#.###............#
######.###............#
#........#.....#......#
+........+.....#......#
####........#.....####...##


You could see Natasha and a shadow imp.

Vanquished Creatures
  An orc priest (D:3)
  An adder (D:2)
  2 giant geckos (D:2)
  An orc (D:3)
  2 giant cockroaches (D:1)
  7 goblins
  8 hobgoblins
  4 kobolds
  8 bats
  3 giant newts
  A rat (D:2)
38 creatures vanquished.

Notes
Turn   | Place    | Note
--------------------------------------------------------------
     0 | D:1      | krabocopter the Formicid Fighter began the quest for the Orb.
     0 | D:1      | Reached XP level 1. HP: 18/18 MP: 1/1
   152 | D:1      | Reached XP level 2. HP: 24/24 MP: 2/2
   206 | D:1      | Reached skill level 4 in Shields
   459 | D:1      | Reached XP level 3. HP: 27/29 MP: 3/3
   784 | D:2      | Found a radiant altar of Vehumet.
  1327 | D:2      | Reached XP level 4. HP: 35/35 MP: 4/4
  1673 | D:3      | Noticed Natasha
  1682 | D:3      | Killed from afar by a shadow imp

Vault maps used:
D:1:      dpeg_cavernosity
D:2:      fiery_altar_vehumet
D:3:      gup_sewer_entry_spiral, first_bread, uniq_natasha,
          uniq_crazy_yiuf_cottage

Action                   |  1- 3 |  4- 6 || total
-------------------------+-------+-------++-------
Melee: Long sword        |   133 |    28 ||   161
  Use: Potion            |       |     1 ||     1
  Eat: Chunk             |     1 |     2 ||     3
